 Dungeon Crawl Stone Soup version 0.30.1-11-g7821555f0a (webtiles) character file.

Game seed: 6810168745451337741

203 cdecastro the Changer (level 5, -2/36 HPs)
             Began as a Draconian Transmuter on Jan 9, 2024.
             Was a Follower of Hepliaklqana.
             Slain by an iguana (5 damage)
             ... on level 4 of the Dungeon on Jan 11, 2024.
             The game lasted 00:06:03 (3201 turns).

cdecastro the Changer (Draconian Transmuter)        Turns: 3201, Time: 00:06:04

Health: -2/36      AC:  5    Str: 12    XL:     5   Next: 51%
Magic:  8/8        EV: 12    Int: 16    God:    Hepliaklqana [*.....]
Gold:   79         SH:  0    Dex: 11    Spells: 5/8 levels left

rFire   . .          .
                       - Unarmed
rCold   . . .        (no shield)
rNeg    . . .        (body armour unavailable)
rPois   .            (helmet restricted)
rElec   .            (no cloak)
rCorr   .            (no gloves)
SInv    .            (no boots)
Will    .....        (no amulet)
Stlth   +            (no ring)
HPRegen 0.26/turn    (no ring)
MPRegen 0.11/turn

%: no passive effects
@: no status effects
A: reduced essence, AC +5, unfitting armour, cold-blooded
a: Renounce Religion, Recall Ancestor, Ancestor Identity


You were on level 4 of the Dungeon.
You worshipped Hepliaklqana.
Hepliaklqana was aware of your devotion.
You visited 1 branch of the dungeon, and saw 4 of its levels.

You collected 136 gold pieces.
You spent 57 gold pieces at shops.

Inventory:

Armour
 g - a +0 pair of gloves
 m - a +0 pair of boots
Jewellery
 p - an amulet of reflection
Wands
 q - a wand of digging (6)
Scrolls
 c - a scroll of vulnerability {unknown}
 e - 3 scrolls of noise {unknown}
 f - a scroll of immolation {unknown}
 j - 7 scrolls of identify {unknown}
 k - a scroll of blinking {unknown}
 l - a scroll of enchant armour {unknown}
 n - a scroll of magic mapping {unknown}
 r - 3 scrolls of teleportation {unknown}
Potions
 b - 2 potions of magic {unknown}
 d - 6 potions of curing {unknown}
 h - 6 potions of brilliance {unknown}
 i - 2 potions of resistance {unknown}
 o - a potion of heal wounds {unknown}


   Skills:
 - Level 1.1 Fighting
 - Level 1.7 Dodging
 + Level 4.3 Unarmed Combat
 - Level 2.0 Spellcasting
 * Level 4.9 Transmutations


You had 5 spell levels left.
You knew the following spells:

 Your Spells              Type           Power      Damage    Failure   Level
a - Beastly Appendage     Tmut           34%        N/A       2%          1
b - Wereblood             Tmut           17%        N/A       4%          2

Your spell library contained the following spells:

 Spells                   Type           Power      Damage    Failure   Level
 Magic Dart               Conj           4%         1d3       21%         1
 Spider Form              Tmut/Pois      9%         N/A       22%         3
 Call Imp                 Summ           2%         N/A       30%         2
 Mephitic Cloud           Conj/Pois/Air  1%         N/A       52%         3
 Ice Form                 Ice/Tmut       9%         N/A       58%         4


Dungeon Overview and Level Annotations

Branches:
Dungeon (4/15)
 Temple: D:4-7

Altars:
Gozag
Hepliaklqana
Sif Muna
Trog
The Shining One

Shops:
D:2 *   D:3 !

Annotations:
D:3 vault need fly, Natasha


Innate Abilities, Weirdness & Mutations

Your life essence is reduced to manifest your ancestor. (-10% HP)
Your plain brown scales are hard. (AC +5)
You cannot fit into any form of body armour.
You are cold-blooded and may be slowed by cold attacks.


Message History

You feel sick.
No target in view!
No target in view!
You feel sick.
You feel sick.
Your transformation is almost over.
You feel sick.
You feel sick.
You feel sick.
You are no longer poisoned.
An orc priest comes into view. It is wielding a +0 flail.
There are monsters nearby!
There are monsters nearby!
There are monsters nearby!
There are monsters nearby!
Unknown command.
Okay, then.
Unknown command.
Unknown command.
Your horns disappear.
Your talons disappear.
Sunngifu barely misses the orc priest.
The orc wizard casts a spell at you.
Sunngifu appears confused.
An iguana comes into view.
The iguana hisses angrily.
Found a leather armour.
The orc priest invokes the aid of Beogh against you.
Pain shoots through your body! The iguana misses you. The iguana bites you.
The orc priest invokes the aid of Beogh against you.
Beogh smites you!
* * * LOW HITPOINT WARNING * * *
The iguana bites you!
* * * LOW HITPOINT WARNING * * *
The iguana attacks as you move away! The iguana closely misses you.
The orc priest looks braver for a moment.
Sunngifu has departed this plane of existence.
Found a scroll labelled WEGUFF KEERPHOL.
The iguana attacks as you move away! The iguana bites you.
You die...

.... ... .....# ...###.....[...#.
......##...##...........
...........#...........?
....#...................###.# ...
...###...........................
...#........>.....).........#....
........o...................#...#
##.....#.o.....l@..<............#
.#.#..###........................
....o.............>..............
..#......#.......................
..R..##..#...##.....#...#._.#....
.o............#.....#............
[...................#.....###....
..........####.....##............
....##.............##..[......##.


You could see an iguana and an orc wizard.

Vanquished Creatures
  Edmund (D:4)
  3 adders
  An ufetubus (D:4)
  2 worms (D:2)
  5 endoplasms
  2 giant cockroaches
  3 goblins
  2 hobgoblins
  4 kobolds
  2 quokkas
  4 ball pythons
  8 bats
  6 frilled lizards
  7 rats
50 creatures vanquished.

Vanquished Creatures (others)
  An ancestor (D:4)
1 creature vanquished.

Grand Total: 51 creatures vanquished

Notes
Turn   | Place    | Note
-------+----------+-------------------------------------------
     0 | D:1      | cdecastro the Draconian Transmuter began the quest for the
                  | Orb.
     0 | D:1      | Reached XP level 1. HP: 16/16 MP: 3/3
   250 | D:1      | Reached XP level 2. HP: 23/23 MP: 1/5
   311 | D:1      | Learned a level 2 spell: Wereblood
  1296 | D:2      | Reached XP level 3. HP: 20/28 MP: 4/6
  2012 | D:2      | Found Seicuadu's Assorted Antiques.
  2026 | D:2      | Bought a lumpy clear potion for 19 gold pieces
  2026 | D:2      | Bought a ruby potion for 19 gold pieces
  2026 | D:2      | Bought a bubbling green potion for 19 gold pieces
  2199 | D:3      | Found a bloodstained altar of Trog.
  2199 | D:3      | Found a hazy altar of Hepliaklqana.
  2314 | D:3      | Became a worshipper of Hepliaklqana the Forgotten
  2471 | D:3      | Reached XP level 4. HP: 24/35 MP: 5/7
  2553 | D:3      | Found an opulent altar of Gozag.
  2587 | D:3      | Identified the +5 robe "Meriost" {Rampage rElec rC+ Int+4}
  2667 | D:3      | Found Warezim's Distillery.
  2704 | D:3      | Found an opulent altar of Gozag.
  2729 | D:3      | Found an opulent altar of Gozag.
  2738 | D:3      | Found an opulent altar of Gozag.
  2789 | D:3      | Found a faded altar of an unknown god.
  2870 | D:3      | Found a shimmering blue altar of Sif Muna.
  2871 | D:3      | Noticed Natasha
  2903 | D:4      | Found a glowing golden altar of the Shining One.
  2911 | D:4      | Noticed Edmund
  2930 | D:4      | Killed Edmund
  2931 | D:4      | Reached XP level 5. HP: 22/40 MP: 8/8
  3162 | D:4      | Reached * piety under Hepliaklqana
  3201 | D:4      | Slain by an iguana

Illustrated notes

Levels and vault maps discovered:
D:1:      dpeg_arrival_signposts, layout_basic
D:2:      layout_loops_ring, serial_shops, shop, serial_rivers,
          chequers_serial_rivers_micro_c, chequers_serial_rivers_room_b,
          chequers_serial_rivers_small_a, chequers_serial_rivers_micro_d,
          corexii_hall_statues_x, grunt_ministairs_3
D:3:      layout_basic, gammafunk_temple_overflow_wave,
          nicolae_gozag_conspicuous_consumption,
          nicolae_overflow_ecumenical_swirl, serial_shops,
          nicolae_shop_tiny_glass, minmay_misc_feat_five, uniq_natasha
D:4:      layout_cave_pools, mainiacjoe_overflow_tiny_flanked,
          mainiacjoe_overflow_six_doors_small,
          mainiacjoe_overflow_cross_hatched,
          mainiacjoe_overflow_concentric_impassable, nemelex_spade_bored_becter,
          serial_shops, nicolae_shop_waterfront, minmay_misc_feat_more_columns,
          corexii_corridor_pit, uniq_edmund, uniq_eustachio

Skill      XL: |  1  2  3  4 |
---------------+-------------+-----
Transmutations | 3 4 |  4.9
Unarmed Combat | 4 |  4.3
Fighting       | |  1.1
Dodging        | |  1.7
Spellcasting   | |  2.0

Action                     |  1- 3 |  4- 6 || total
---------------------------+-------+-------++-------
  Melee: Unarmed           |   124 |    35 ||   159
         Headbutt          |    13 |     2 ||    15
         Kick              |    21 |     5 ||    26
         Tailslap          |    10 |     1 ||    11
         Punch             |     1 |       ||     1
   Cast: Beastly Appendage |    28 |     5 ||    33
    Use: Potion            |       |     1 ||     1
 Armour: Skin              |    46 |    16 ||    62
  Dodge: Dodged            |    76 |    21 ||    97
